Blackhawks vs Flyers

Created - 13 mars 2018 at 18:25

Goals
1 2 3 T
Blackhawks 0 0 2 2
Flyers 0 1 0 1
Shots
1 2 3 T
Blackhawks 7 11 14 32
Flyers 13 7 12 32

1st period

No Goal

Penalties :
No Penalty

2nd period

1. Flyers , Patrick Kane 26 (Evgeni Malkin 40) at 16:35

Penalties :
No Penalty

3rd period

2. Blackhawks , Henrik Zetterberg 31 (Eric Staal 35, Cam Atkinson 27) at 4:04
3. Blackhawks , Alexander Steen 11 (Zach Parise 27) at 12:51

Penalties :
Vincent Trocheck (PHI) for Holding (Minor) at 6:22

Goalie Stats

Frederik Andersen (CHI), 31 saves from 32 shots - (0,969), W, 23-23-7, 60:00 minutes
Matt Murray (PHI), 30 saves from 32 shots - (0,938), L, 31-15-3, 60:00 minutes

Players Stats for Blackhawks

Player Name              G  A  P  +/- PIM S  H  SB GA TA FO     MP     PP MP  PK MP  
------------------------------------------------------------------------------------
Alexander Steen          1  0  1   1  0   8  1  0  0  0  7/14   17:14   1:04   0:00 
Andrew Shaw              0  0  0   1  0   0  5  0  0  0  0/0    17:14   1:04   0:00 
Andy Greene              0  0  0   1  0   1  1  3  0  1  0/0    21:14   0:48   0:00 
Brandon Davidson         0  0  0   0  0   0  0  1  0  0  0/0    14:12   0:00   0:00 
Brett Connolly           0  0  0   0  0   0  3  0  0  0  0/0    10:26   0:00   0:00 
Cam Atkinson             0  1  1   0  0   3  2  0  1  0  0/1    19:42   0:55   0:00 
Carl Hagelin             0  0  0   0  0   2  2  0  0  0  0/1    12:38   0:00   0:00 
Chris Kunitz             0  0  0   0  0   0  0  1  1  0  0/0    10:26   0:00   0:00 
Derek Forbort            0  0  0   0  0   0  0  0  0  0  0/0    14:12   0:00   0:00 
Eric Staal               0  1  1   0  0   4  0  2  0  1  17/30  19:42   0:55   0:00 
Henrik Zetterberg        1  0  1   0  0   6  0  0  2  0  0/3    19:42   0:55   0:00 
Marc Methot              0  0  0   1  0   1  2  0  0  0  0/0    21:14   0:48   0:00 
Niklas Hjalmarsson       0  0  0   0  0   2  0  4  0  3  0/0    24:34   1:11   0:00 
Ryan Ellis               0  0  0   0  0   0  0  0  0  3  0/0    24:34   1:11   0:00 
Sven Andrighetto         0  0  0   0  0   0  3  1  0  1  0/0    12:38   0:00   0:00 
Vladislav Namestnikov    0  0  0   0  0   2  0  0  0  0  1/4    10:26   0:00   0:00 
Yanni Gourde             0  0  0   0  0   0  0  0  0  1  2/3    12:38   0:00   0:00 
Zach Parise              0  1  1   1  0   3  0  0  1  1  0/1    17:14   1:04   0:00 

Players Stats for Flyers

Player Name              G  A  P  +/- PIM S  H  SB GA TA FO     MP     PP MP  PK MP  
------------------------------------------------------------------------------------
Brandon Carlo            0  0  0  -1  0   0  2  0  0  0  0/0    21:13   0:00   1:07 
Brendan Perlini          0  0  0   0  0   0  0  1  1  0  0/0     7:56   0:00   0:00 
Calle Jarnkrok           0  0  0  -1  0   3  0  0  0  0  0/0    15:38   0:00   0:24 
Casey Cizikas            0  0  0  -1  0   1  2  0  0  0  11/16  16:10   0:00   0:56 
Charlie Coyle            0  0  0  -1  0   1  2  1  0  0  0/0    16:03   0:00   0:00 
Darnell Nurse            0  0  0   0  0   0  1  1  0  0  0/0    16:11   0:00   0:00 
Evgeni Malkin            0  1  1   1  0   6  1  1  1  0  12/22  18:48   0:00   0:00 
Filip Forsberg           0  0  0   1  0   3  0  2  0  0  0/0    18:14   0:00   0:39 
Ivan Barbashev           0  0  0   0  0   2  0  0  0  0  2/2     7:56   0:00   0:00 
Justin Faulk             0  0  0  -1  0   1  5  1  0  1  0/0    22:14   0:00   1:07 
Leo Komarov              0  0  0  -1  0   3  1  0  1  0  0/0    16:10   0:00   0:56 
Leon Draisaitl           0  0  0  -1  0   3  0  0  2  1  0/2    16:42   0:00   0:39 
Michael Matheson         0  0  0   0  0   0  3  3  0  1  0/0    17:05   0:00   0:52 
P.K. Subban              0  0  0   0  0   0  1  4  0  0  0/0    21:44   0:00   0:00 
Patrick Kane             1  0  1   1  0   3  1  0  2  1  0/1    18:48   0:00   0:00 
TJ Brodie                0  0  0   0  0   2  0  1  0  1  0/0    21:33   0:00   0:52 
Travis Konecny           0  0  0   0  0   3  1  0  2  0  0/0     8:20   0:00   0:24 
Vincent Trocheck         0  0  0  -1  2   1  2  3  2  0  5/14   17:15   0:00   0:00 

3 Stars

1 - Frederik Andersen (CHI)
2 - Alexander Steen (CHI)
3 - Patrick Kane (PHI)

Power Play

Blackhawks - 0 on 1 Attempt(s) - 0,00%
Flyers - 0 on 0 Attempt(s) - 0,00%

Penalty Kill

Blackhawks - 0 on 0 Attempt(s) - 0,00% - Score 0 goal in Penalty Kill
Flyers - 1 on 1 Attempt(s) - 100,00% - Score 0 goal in Penalty Kill

Team Stat

Blackhawks - Hits : 19 - Faceoff Wins : 27 - Blocked Shots : 12 - Penalty Minutes : 0
Flyers - Hits : 22 - Faceoff Wins : 30 - Blocked Shots : 18 - Penalty Minutes : 2

Official

Referees : Tim Peel and Marc Joannette
Linesman : Kiel Murchison and Vaughan Rody

Game Notes

No Game Note

Finance

Level 1 -- Attendance: 5382 (89,70%) -- Ticket Income 511 290 $
Level 2 -- Attendance: 5000 (100,00%) -- Ticket Income 270 000 $
Level 3 -- Attendance: 1928 (96,40%) -- Ticket Income 63 624 $
Level 4 -- Attendance: 3848 (96,20%) -- Ticket Income 84 656 $
Luxury Box -- Attendance: 1000 (100,00%) -- Ticket Income 165 000 $
Game was played at the Spectrum.
Total Attendance: 17158 (95,32%)
Total Ticket Income: 1 094 570 $
Other Income: 536 339 $
Total Income: 1 630 909 $

Blackhawks

5 vs 5 Forward 
   Center                   Left Wing                Right Wing               Time % Phy DF OF 
 1 Eric Staal               Henrik Zetterberg        Cam Atkinson             35     0   1  4  
 2 Alexander Steen          Zach Parise              Andrew Shaw              33     0   2  3  
 3 Yanni Gourde             Carl Hagelin             Sven Andrighetto         22     0   2  3  
 4 Vladislav Namestnikov    Chris Kunitz             Brett Connolly           10     1   2  2  

5 vs 5 Defense 
   Defense                  Defense                                           Time % Phy DF OF 
 1 Ryan Ellis               Niklas Hjalmarsson                                40     0   2  3  
 2 Marc Methot              Andy Greene                                       37     0   2  3  
 3 Derek Forbort            Brandon Davidson                                  23     0   2  3  
 4 Ryan Ellis               Niklas Hjalmarsson                                0      1   2  2  

PowerPlay Forward 
   Center                   Left Wing                Right Wing               Time % Phy DF OF 
 1 Eric Staal               Henrik Zetterberg        Cam Atkinson             60     0   0  5  
 2 Alexander Steen          Zach Parise              Andrew Shaw              40     0   0  5  

PowerPlay Defense
   Defense                  Defense                                           Time % Phy DF OF 
 1 Ryan Ellis               Niklas Hjalmarsson                                60     0   1  4  
 2 Marc Methot              Andy Greene                                       40     0   1  4  

Penalty Kill 4 Players Forward 
   Center                   Wing                     Time % Phy DF OF 
 1 Eric Staal               Henrik Zetterberg        60     0   5  0  
 2 Alexander Steen          Cam Atkinson             40     0   5  0  

Penalty Kill 4 Players Defense
   Defense                  Defense                  Time % Phy DF OF 
 1 Ryan Ellis               Niklas Hjalmarsson       60     0   5  0  
 2 Marc Methot              Andy Greene              40     0   5  0  

Penalty Kill - 3 Players Forward 
   Forward                                           Time % Phy DF OF 
 1 Eric Staal                                        60     1   2  2  
 2 Henrik Zetterberg                                 40     1   2  2  

Penalty Kill - 3 Players Defense
   Defense                  Defense                  Time % Phy DF OF 
 1 Ryan Ellis               Niklas Hjalmarsson       60     1   2  2  
 2 Marc Methot              Andy Greene              40     1   2  2  

4 vs 4 Forward 
   Center                   Wing                     Time % Phy DF OF 
 1 Eric Staal               Henrik Zetterberg        60     1   2  2  
 2 Alexander Steen          Cam Atkinson             40     1   2  2  

4 vs 4 Defense
   Defense                  Defense                  Time % Phy DF OF 
 1 Ryan Ellis               Niklas Hjalmarsson       60     1   2  2  
 2 Marc Methot              Andy Greene              40     1   2  2  

Last Minutes Offensive
   Center                   Left Wing                Right Wing               Defense                  Defense                  
   Eric Staal               Henrik Zetterberg        Cam Atkinson             Ryan Ellis               Niklas Hjalmarsson       

Last Minutes Defensive
   Center                   Left Wing                Right Wing               Defense                  Defense                  
   Eric Staal               Henrik Zetterberg        Cam Atkinson             Ryan Ellis               Niklas Hjalmarsson       

Goaltenders
Starting : Frederik Andersen        
Backup : Mike Condon              

Extra Forwards
Normal : Yanni Gourde, Carl Hagelin, Chris Kunitz - PP : Yanni Gourde, Carl Hagelin - PK : Chris Kunitz
Extra Defensemen
Normal : Derek Forbort, Brandon Davidson, Marc Methot - PP : Derek Forbort - PK : Brandon Davidson, Marc Methot
Penalty Shots
Eric Staal, Henrik Zetterberg, Alexander Steen, Cam Atkinson, Zach Parise
Custom OT Lines Forwards
Eric Staal, Henrik Zetterberg, Alexander Steen, Cam Atkinson, Zach Parise, Yanni Gourde, Andrew Shaw, Carl Hagelin, Chris Kunitz, Vladislav Namestnikov
Custom OT Lines Defensemen
Ryan Ellis, Niklas Hjalmarsson, Marc Methot, Andy Greene, Derek Forbort

Scratches
Tanner Glass (Healthy)

Flyers

5 vs 5 Forward 
   Center                   Left Wing                Right Wing               Time % Phy DF OF 
 1 Evgeni Malkin            Patrick Kane             Filip Forsberg           33     0   3  2  
 2 Vincent Trocheck         Leon Draisaitl           Charlie Coyle            30     0   1  4  
 3 Casey Cizikas            Calle Jarnkrok           Leo Komarov              27     0   4  1  
 4 Ivan Barbashev           Brendan Perlini          Travis Konecny           10     0   3  2  

5 vs 5 Defense 
   Defense                  Defense                                           Time % Phy DF OF 
 1 P.K. Subban              TJ Brodie                                         37     0   4  1  
 2 Justin Faulk             Brandon Carlo                                     34     0   4  1  
 3 Darnell Nurse            Michael Matheson                                  29     0   4  1  
 4 P.K. Subban              Michael Matheson                                  0      1   2  2  

PowerPlay Forward 
   Center                   Left Wing                Right Wing               Time % Phy DF OF 
 1 Evgeni Malkin            Patrick Kane             Filip Forsberg           60     0   0  5  
 2 Vincent Trocheck         Leon Draisaitl           Charlie Coyle            40     0   0  5  

PowerPlay Defense
   Defense                  Defense                                           Time % Phy DF OF 
 1 P.K. Subban              TJ Brodie                                         60     0   1  4  
 2 Justin Faulk             Michael Matheson                                  40     0   1  4  

Penalty Kill 4 Players Forward 
   Center                   Wing                     Time % Phy DF OF 
 1 Casey Cizikas            Leo Komarov              60     0   5  0  
 2 Vincent Trocheck         Calle Jarnkrok           40     0   5  0  

Penalty Kill 4 Players Defense
   Defense                  Defense                  Time % Phy DF OF 
 1 Justin Faulk             Brandon Carlo            60     0   5  0  
 2 TJ Brodie                Michael Matheson         40     0   5  0  

Penalty Kill - 3 Players Forward 
   Forward                                           Time % Phy DF OF 
 1 Casey Cizikas                                     60     0   5  0  
 2 Calle Jarnkrok                                    40     0   5  0  

Penalty Kill - 3 Players Defense
   Defense                  Defense                  Time % Phy DF OF 
 1 Justin Faulk             Brandon Carlo            60     0   5  0  
 2 TJ Brodie                Michael Matheson         40     0   5  0  

4 vs 4 Forward 
   Center                   Wing                     Time % Phy DF OF 
 1 Evgeni Malkin            Patrick Kane             60     0   4  1  
 2 Vincent Trocheck         Leon Draisaitl           40     0   4  1  

4 vs 4 Defense
   Defense                  Defense                  Time % Phy DF OF 
 1 P.K. Subban              TJ Brodie                60     0   4  1  
 2 Justin Faulk             Brandon Carlo            40     0   4  1  

Last Minutes Offensive
   Center                   Left Wing                Right Wing               Defense                  Defense                  
   Evgeni Malkin            Patrick Kane             Vincent Trocheck         P.K. Subban              Justin Faulk             

Last Minutes Defensive
   Center                   Left Wing                Right Wing               Defense                  Defense                  
   Vincent Trocheck         Filip Forsberg           Leo Komarov              P.K. Subban              Brandon Carlo            

Goaltenders
Starting : Matt Murray              
Backup : Tristan Jarry            

Extra Forwards
Normal : Vincent Trocheck, Calle Jarnkrok, Travis Konecny - PP : Charlie Coyle, Brendan Perlini - PK : Filip Forsberg
Extra Defensemen
Normal : Michael Matheson, Darnell Nurse, Justin Faulk - PP : Darnell Nurse - PK : P.K. Subban, Darnell Nurse
Penalty Shots
Leon Draisaitl, Patrick Kane, Casey Cizikas, Brendan Perlini, Evgeni Malkin
Custom OT Lines Forwards
Evgeni Malkin, Patrick Kane, Vincent Trocheck, Leon Draisaitl, Filip Forsberg, Leo Komarov, Calle Jarnkrok, Charlie Coyle, Brendan Perlini, Travis Konecny
Custom OT Lines Defensemen
P.K. Subban, TJ Brodie, Justin Faulk, Michael Matheson, Brandon Carlo

Scratches
Artturi Lehkonen (Healthy), Borna Rendulic (Healthy)

% Time on Ice - Blackhawks

Lines # - Real PCT - Wanted PCT - Time Play
Normal Forward
1 - 31% - 35% - 17:35
2 - 28% - 33% - 16:10
3 - 22% - 22% - 12:38
4 - 18% - 10% - 10:26
Normal Defense
1 - 39% - 40% - 22:11
2 - 36% - 37% - 20:26
3 - 25% - 23% - 14:12
4 - 0% - 0% - 0:00
PP Forward
1 - 46% - 60% - 0:55
2 - 54% - 40% - 1:04
PP Defense
1 - 60% - 60% - 1:11
2 - 40% - 40% - 0:48
PK Forward
1 - 0% - 60%
2 - 0% - 40%
PK Defense
1 - 0% - 60%
2 - 0% - 40%
PK3 Forward
1 - 0% - 60%
2 - 0% - 40%
PK3 Defense
1 - 0% - 60%
2 - 0% - 40%
44 Forward
1 - 0% - 60%
2 - 0% - 40%
44 Defense
1 - 0% - 60%
2 - 0% - 40%
Last Minute Offensive  - 0:00
Last Minute Defensive  - 1:12
Total
Forward - 60:00
Defense - 60:00

% Time on Ice - Flyers

Lines # - Real PCT - Wanted PCT - Time Play
Normal Forward
1 - 31% - 33% - 17:35
2 - 28% - 30% - 16:03
3 - 27% - 27% - 15:14
4 - 14% - 10% - 7:56
Normal Defense
1 - 37% - 37% - 20:52
2 - 35% - 34% - 19:43
3 - 28% - 29% - 16:11
4 - 0% - 0% - 0:02
PP Forward
1 - 0% - 60%
2 - 0% - 40%
PP Defense
1 - 0% - 60%
2 - 0% - 40%
PK Forward
1 - 80% - 60% - 1:35
2 - 20% - 40% - 0:24
PK Defense
1 - 56% - 60% - 1:07
2 - 44% - 40% - 0:52
PK3 Forward
1 - 0% - 60%
2 - 0% - 40%
PK3 Defense
1 - 0% - 60%
2 - 0% - 40%
44 Forward
1 - 0% - 60%
2 - 0% - 40%
44 Defense
1 - 0% - 60%
2 - 0% - 40%
Last Minute Offensive  - 1:13
Last Minute Defensive  - 0:00
Total
Forward - 60:00
Defense - 60:00

Play by Play

1st period


0:01 of 1st period - Evgeni Malkin wins face-off versus Eric Staal in neutral zone.
0:16 of 1st period - Backhand shot by Filip Forsberg.
0:16 of 1st period - Stopped by Frederik Andersen with a rebound.
1:41 of 1st period - Snap shot by Eric Staal.
1:41 of 1st period - Shot Blocked by Darnell Nurse.
1:43 of 1st period - Slapshot by Cam Atkinson.
1:43 of 1st period - Shot Blocked by Michael Matheson.
3:20 of 1st period - Off-side.
3:21 of 1st period - Vincent Trocheck wins face-off versus Alexander Steen in neutral zone.
3:24 of 1st period - Zach Parise is hit by Justin Faulk and loses puck.
3:33 of 1st period - Leon Draisaitl is hit by Andrew Shaw and loses puck.
3:38 of 1st period - Snap shot by Zach Parise.
3:38 of 1st period - Shot Hit the Post.
3:40 of 1st period - Slapshot by Derek Forbort.
3:40 of 1st period - Deflect By Alexander Steen.
3:40 of 1st period - Shot Blocked by Vincent Trocheck.
3:40 of 1st period - Puck is out of play.
3:41 of 1st period - Casey Cizikas wins face-off versus Eric Staal in Flyers zone.
4:22 of 1st period - Darnell Nurse is hit by Sven Andrighetto.
4:38 of 1st period - Wrist shot by Patrick Kane.
4:38 of 1st period - Stopped by Frederik Andersen without a rebound.
4:39 of 1st period - Vincent Trocheck wins face-off versus Vladislav Namestnikov in Blackhawks zone.
4:48 of 1st period - Wrist shot by Leon Draisaitl.
4:48 of 1st period - Shot Blocked by Chris Kunitz.
4:56 of 1st period - Wrist shot by Leon Draisaitl.
4:56 of 1st period - Stopped by Frederik Andersen without a rebound.
4:57 of 1st period - Casey Cizikas wins face-off versus Henrik Zetterberg in Blackhawks zone.
4:58 of 1st period - Wrist shot by Calle Jarnkrok.
4:58 of 1st period - Shot Misses the Net.
5:27 of 1st period - Andy Greene is hit by Charlie Coyle and loses puck.
5:44 of 1st period - Carl Hagelin is hit by Justin Faulk and loses puck.
5:53 of 1st period - Filip Forsberg is hit by Sven Andrighetto and loses puck.
6:12 of 1st period - Backhand shot by Travis Konecny.
6:12 of 1st period - Stopped by Frederik Andersen with a rebound.
6:16 of 1st period - Snap shot by Travis Konecny.
6:16 of 1st period - Shot Blocked by Niklas Hjalmarsson.
6:30 of 1st period - Slapshot by Casey Cizikas.
6:30 of 1st period - Shot Blocked by Niklas Hjalmarsson.
6:32 of 1st period - Snap shot by Leo Komarov.
6:32 of 1st period - Shot Misses the Net.
6:34 of 1st period - Wrist shot by Leo Komarov.
6:34 of 1st period - Stopped by Frederik Andersen without a rebound.
6:35 of 1st period - Alexander Steen wins face-off versus Vincent Trocheck in Blackhawks zone.
7:02 of 1st period - Filip Forsberg is hit by Marc Methot and loses puck.
7:11 of 1st period - Slapshot by Filip Forsberg.
7:11 of 1st period - Stopped by Frederik Andersen with a rebound.
7:13 of 1st period - Snap shot by Michael Matheson.
7:13 of 1st period - Shot Blocked by Andy Greene.
7:33 of 1st period - Wrist shot by Henrik Zetterberg.
7:33 of 1st period - Shot Misses the Net.
7:35 of 1st period - Snap shot by Henrik Zetterberg.
7:35 of 1st period - Shot Misses the Net.
8:17 of 1st period - Wrist shot by Calle Jarnkrok.
8:17 of 1st period - Shot Misses the Net.
8:32 of 1st period - Slapshot by Niklas Hjalmarsson.
8:32 of 1st period - Stopped by Matt Murray with a rebound.
8:34 of 1st period - Slapshot by Niklas Hjalmarsson.
8:34 of 1st period - Stopped by Matt Murray with a rebound.
8:36 of 1st period - Slapshot by Ryan Ellis.
8:36 of 1st period - Shot Blocked by Michael Matheson.
8:38 of 1st period - Snap shot by Yanni Gourde.
8:38 of 1st period - Deflect By Sven Andrighetto.
8:38 of 1st period - Shot Misses the Net.
8:38 of 1st period - Puck is out of play.
8:39 of 1st period - Eric Staal wins face-off versus Vincent Trocheck in Flyers zone.
8:42 of 1st period - Wrist shot by Eric Staal.
8:42 of 1st period - Stopped by Matt Murray without a rebound.
8:43 of 1st period - Eric Staal wins face-off versus Leon Draisaitl in Flyers zone.
9:00 of 1st period - Wrist shot by Henrik Zetterberg.
9:00 of 1st period - Shot Blocked by Vincent Trocheck.
9:16 of 1st period - Snap shot by Evgeni Malkin.
9:16 of 1st period - Stopped by Frederik Andersen without a rebound.
9:17 of 1st period - Alexander Steen wins face-off versus Evgeni Malkin in Blackhawks zone.
9:22 of 1st period - Slapshot by Patrick Kane.
9:22 of 1st period - Shot Misses the Net.
9:24 of 1st period - Slapshot by Justin Faulk.
9:24 of 1st period - Stopped by Frederik Andersen without a rebound.
9:25 of 1st period - Evgeni Malkin wins face-off versus Henrik Zetterberg in Blackhawks zone.
9:30 of 1st period - Snap shot by Evgeni Malkin.
9:30 of 1st period - Stopped by Frederik Andersen with a rebound.
9:34 of 1st period - Snap shot by Filip Forsberg.
9:34 of 1st period - Shot Misses the Net.
9:36 of 1st period - Snap shot by Brandon Carlo.
9:36 of 1st period - Shot Blocked by Eric Staal.
9:38 of 1st period - Slapshot by Justin Faulk.
9:38 of 1st period - Shot Misses the Net.
9:40 of 1st period - Wrist shot by Filip Forsberg.
9:40 of 1st period - Shot Misses the Net.
9:42 of 1st period - Backhand shot by Patrick Kane.
9:42 of 1st period - Shot Misses the Net.
10:46 of 1st period - Snap shot by Vladislav Namestnikov.
10:46 of 1st period - Shot Misses the Net.
11:12 of 1st period - Slapshot by Calle Jarnkrok.
11:12 of 1st period - Stopped by Frederik Andersen with a rebound.
11:14 of 1st period - Snap shot by Leo Komarov.
11:14 of 1st period - Shot Blocked by Eric Staal.
11:24 of 1st period - Darnell Nurse is hit by Carl Hagelin and loses puck.
11:29 of 1st period - Wrist shot by Yanni Gourde.
11:29 of 1st period - Shot Blocked by Charlie Coyle.
11:31 of 1st period - Wrist shot by Carl Hagelin.
11:31 of 1st period - Stopped by Matt Murray without a rebound.
11:32 of 1st period - Casey Cizikas wins face-off versus Alexander Steen in Flyers zone.
12:42 of 1st period - Wrist shot by Brett Connolly.
12:42 of 1st period - Deflect By Vladislav Namestnikov.
12:42 of 1st period - Shot Blocked by Michael Matheson.
12:42 of 1st period - Puck is out of play.
12:43 of 1st period - Ivan Barbashev wins face-off versus Vladislav Namestnikov in Flyers zone.
12:47 of 1st period - Off-side.
12:48 of 1st period - Alexander Steen wins face-off versus Vincent Trocheck in neutral zone.
12:53 of 1st period - Wrist shot by Alexander Steen.
12:53 of 1st period - Stopped by Matt Murray with a rebound.
13:17 of 1st period - Wrist shot by Carl Hagelin.
13:17 of 1st period - Shot Blocked by P.K. Subban.
13:43 of 1st period - Snap shot by Vincent Trocheck.
13:43 of 1st period - Stopped by Frederik Andersen without a rebound.
13:44 of 1st period - Evgeni Malkin wins face-off versus Alexander Steen in Blackhawks zone.
13:57 of 1st period - Wrist shot by Zach Parise.
13:57 of 1st period - Shot Blocked by Filip Forsberg.
13:59 of 1st period - Slapshot by Andy Greene.
13:59 of 1st period - Stopped by Matt Murray without a rebound.
14:00 of 1st period - Eric Staal wins face-off versus Casey Cizikas in Flyers zone.
14:01 of 1st period - Snap shot by Cam Atkinson.
14:01 of 1st period - Stopped by Matt Murray without a rebound.
14:02 of 1st period - Casey Cizikas wins face-off versus Eric Staal in Flyers zone.
14:07 of 1st period - Snap shot by Calle Jarnkrok.
14:07 of 1st period - Stopped by Frederik Andersen without a rebound.
14:08 of 1st period - Casey Cizikas wins face-off versus Eric Staal in Blackhawks zone.
14:43 of 1st period - Wrist shot by Patrick Kane.
14:43 of 1st period - Deflect By Evgeni Malkin.
14:43 of 1st period - Stopped by Frederik Andersen with a rebound.
14:57 of 1st period - Snap shot by Vladislav Namestnikov.
14:57 of 1st period - Shot Misses the Net.
15:19 of 1st period - Wrist shot by Yanni Gourde.
15:19 of 1st period - Shot Blocked by P.K. Subban.
15:38 of 1st period - Off-side.
15:39 of 1st period - Casey Cizikas wins face-off versus Eric Staal in neutral zone.
15:54 of 1st period - Snap shot by Leo Komarov.
15:54 of 1st period - Shot Blocked by Niklas Hjalmarsson.
16:06 of 1st period - Evgeni Malkin is hit by Alexander Steen.
16:14 of 1st period - Alexander Steen is hit by Michael Matheson and loses puck.
16:29 of 1st period - Yanni Gourde is hit by Michael Matheson and loses puck.
16:50 of 1st period - Snap shot by Ivan Barbashev.
16:50 of 1st period - Shot Blocked by Brandon Davidson.
16:52 of 1st period - Snap shot by Ivan Barbashev.
16:52 of 1st period - Shot Misses the Net.
17:49 of 1st period - Henrik Zetterberg is hit by Justin Faulk and loses puck.
19:24 of 1st period - Icing by Eric Staal.
19:25 of 1st period - Evgeni Malkin wins face-off versus Eric Staal in Blackhawks zone.
19:57 of 1st period - Snap shot by Henrik Zetterberg.
19:57 of 1st period - Shot Misses the Net.
19:59 of 1st period - Slapshot by Marc Methot.
19:59 of 1st period - Shot Blocked by Evgeni Malkin.
Goals for this period are 0 for Blackhawks vs 0 for Flyers.
Shots for this period are 7 for Blackhawks vs 13 for Flyers.

2nd period


0:01 of 2nd period - Alexander Steen wins face-off versus Casey Cizikas in neutral zone.
0:18 of 2nd period - Casey Cizikas is hit by Andrew Shaw and loses puck.
0:56 of 2nd period - Wrist shot by Leon Draisaitl.
0:56 of 2nd period - Stopped by Frederik Andersen without a rebound.
0:57 of 2nd period - Alexander Steen wins face-off versus Leon Draisaitl in Blackhawks zone.
1:22 of 2nd period - Eric Staal is hit by Casey Cizikas and loses puck.
2:26 of 2nd period - Wrist shot by Alexander Steen.
2:26 of 2nd period - Stopped by Matt Murray with a rebound.
2:28 of 2nd period - Slapshot by Marc Methot.
2:28 of 2nd period - Shot Misses the Net.
2:30 of 2nd period - Slapshot by Alexander Steen.
2:30 of 2nd period - Shot Misses the Net.
3:06 of 2nd period - Derek Forbort is hit by Michael Matheson and loses puck.
3:29 of 2nd period - Wrist shot by Alexander Steen.
3:29 of 2nd period - Stopped by Matt Murray with a rebound.
3:31 of 2nd period - Slapshot by Zach Parise.
3:31 of 2nd period - Shot Blocked by P.K. Subban.
4:49 of 2nd period - Alexander Steen is hit by Brandon Carlo and loses puck.
5:18 of 2nd period - Snap shot by Chris Kunitz.
5:18 of 2nd period - Shot Misses the Net.
5:20 of 2nd period - Slapshot by Marc Methot.
5:20 of 2nd period - Stopped by Matt Murray with a rebound.
5:32 of 2nd period - Cam Atkinson is hit by Darnell Nurse and loses puck.
6:17 of 2nd period - Snap shot by Zach Parise.
6:17 of 2nd period - Stopped by Matt Murray with a rebound.
6:19 of 2nd period - Slapshot by Alexander Steen.
6:19 of 2nd period - Stopped by Matt Murray without a rebound.
6:20 of 2nd period - Evgeni Malkin wins face-off versus Alexander Steen in Flyers zone.
7:15 of 2nd period - Snap shot by Casey Cizikas.
7:15 of 2nd period - Shot Misses the Net.
7:55 of 2nd period - Charlie Coyle is hit by Brett Connolly and loses puck.
8:35 of 2nd period - Off-side.
8:36 of 2nd period - Eric Staal wins face-off versus Vincent Trocheck in neutral zone.
8:52 of 2nd period - Snap shot by Eric Staal.
8:52 of 2nd period - Stopped by Matt Murray without a rebound.
8:53 of 2nd period - Evgeni Malkin wins face-off versus Alexander Steen in Flyers zone.
9:39 of 2nd period - Carl Hagelin is hit by Brandon Carlo and loses puck.
10:00 of 2nd period - Andy Greene is hit by Justin Faulk and loses puck.
10:25 of 2nd period - Slapshot by Vladislav Namestnikov.
10:25 of 2nd period - Shot Misses the Net.
10:27 of 2nd period - Slapshot by Alexander Steen.
10:27 of 2nd period - Stopped by Matt Murray without a rebound.
10:28 of 2nd period - Alexander Steen wins face-off versus Evgeni Malkin in Flyers zone.
10:39 of 2nd period - Snap shot by Alexander Steen.
10:39 of 2nd period - Stopped by Matt Murray without a rebound.
10:40 of 2nd period - Eric Staal wins face-off versus Casey Cizikas in Flyers zone.
10:43 of 2nd period - Wrist shot by Eric Staal.
10:43 of 2nd period - Stopped by Matt Murray with a rebound.
11:53 of 2nd period - Snap shot by Ivan Barbashev.
11:53 of 2nd period - Stopped by Frederik Andersen without a rebound.
11:54 of 2nd period - Evgeni Malkin wins face-off versus Eric Staal in Blackhawks zone.
12:09 of 2nd period - Wrist shot by Cam Atkinson.
12:09 of 2nd period - Stopped by Matt Murray with a rebound.
12:29 of 2nd period - Wrist shot by Zach Parise.
12:29 of 2nd period - Shot Blocked by TJ Brodie.
12:55 of 2nd period - Wrist shot by Vincent Trocheck.
12:55 of 2nd period - Shot Blocked by Sven Andrighetto.
13:25 of 2nd period - Eric Staal is hit by Patrick Kane.
13:45 of 2nd period - Brandon Carlo is hit by Andrew Shaw and loses puck.
13:54 of 2nd period - Wrist shot by Zach Parise.
13:54 of 2nd period - Deflect By Calle Jarnkrok.
13:54 of 2nd period - Shot Misses the Net.
13:54 of 2nd period - Puck is out of play.
13:55 of 2nd period - Vincent Trocheck wins face-off versus Eric Staal in Flyers zone.
14:53 of 2nd period - P.K. Subban is hit by Sven Andrighetto and loses puck.
15:08 of 2nd period - Wrist shot by Vladislav Namestnikov.
15:08 of 2nd period - Stopped by Matt Murray with a rebound.
15:16 of 2nd period - Wrist shot by Travis Konecny.
15:16 of 2nd period - Stopped by Frederik Andersen without a rebound.
15:17 of 2nd period - Eric Staal wins face-off versus Vincent Trocheck in Blackhawks zone.
15:46 of 2nd period - Patrick Kane is hit by Andy Greene.
16:26 of 2nd period - Sven Andrighetto is hit by Vincent Trocheck and loses puck.
16:31 of 2nd period - Slapshot by Leon Draisaitl.
16:31 of 2nd period - Stopped by Frederik Andersen with a rebound.
16:33 of 2nd period - Backhand shot by TJ Brodie.
16:33 of 2nd period - Stopped by Frederik Andersen without a rebound.
16:34 of 2nd period - Evgeni Malkin wins face-off versus Eric Staal in Blackhawks zone.
16:35 of 2nd period - Snap shot by Patrick Kane.
16:35 of 2nd period - Goal by Patrick Kane - Blackhawks : 0 - Flyers : 1.
16:36 of 2nd period - Eric Staal wins face-off versus Evgeni Malkin in neutral zone.
16:41 of 2nd period - Wrist shot by Henrik Zetterberg.
16:41 of 2nd period - Shot Misses the Net.
17:30 of 2nd period - Chris Kunitz is hit by Leo Komarov and loses puck.
18:12 of 2nd period - Eric Staal is hit by Evgeni Malkin.
18:22 of 2nd period - Evgeni Malkin is hit by Marc Methot and loses puck.
18:39 of 2nd period - Niklas Hjalmarsson is hit by Charlie Coyle and loses puck.
19:07 of 2nd period - Wrist shot by Travis Konecny.
19:07 of 2nd period - Shot Misses the Net.
19:13 of 2nd period - Snap shot by Ivan Barbashev.
19:13 of 2nd period - Stopped by Frederik Andersen with a rebound.
19:56 of 2nd period - Ryan Ellis is hit by Travis Konecny and loses puck.
Goals for this period are 0 for Blackhawks vs 1 for Flyers.
Shots for this period are 11 for Blackhawks vs 7 for Flyers.

3rd period


0:01 of 3rd period - Evgeni Malkin wins face-off versus Henrik Zetterberg in neutral zone.
0:35 of 3rd period - Wrist shot by Leo Komarov.
0:35 of 3rd period - Shot Misses the Net.
1:33 of 3rd period - Snap shot by Evgeni Malkin.
1:33 of 3rd period - Deflect By Alexander Steen.
1:33 of 3rd period - Stopped by Frederik Andersen with a rebound.
1:53 of 3rd period - Niklas Hjalmarsson is hit by Casey Cizikas.
1:57 of 3rd period - Slapshot by Leo Komarov.
1:57 of 3rd period - Shot Misses the Net.
2:34 of 3rd period - Wrist shot by Henrik Zetterberg.
2:34 of 3rd period - Shot Misses the Net.
2:36 of 3rd period - Slapshot by Niklas Hjalmarsson.
2:36 of 3rd period - Shot Blocked by Vincent Trocheck.
2:38 of 3rd period - Wrist shot by Henrik Zetterberg.
2:38 of 3rd period - Stopped by Matt Murray with a rebound.
2:40 of 3rd period - Slapshot by Ryan Ellis.
2:40 of 3rd period - Shot Misses the Net.
2:42 of 3rd period - Slapshot by Niklas Hjalmarsson.
2:42 of 3rd period - Shot Misses the Net.
3:09 of 3rd period - Wrist shot by Charlie Coyle.
3:09 of 3rd period - Stopped by Frederik Andersen without a rebound.
3:10 of 3rd period - Eric Staal wins face-off versus Evgeni Malkin in Blackhawks zone.
3:21 of 3rd period - Wrist shot by Eric Staal.
3:21 of 3rd period - Deflect By Cam Atkinson.
3:21 of 3rd period - Shot Blocked by Filip Forsberg.
3:21 of 3rd period - Puck is out of play.
3:22 of 3rd period - Casey Cizikas wins face-off versus Eric Staal in Flyers zone.
3:31 of 3rd period - Wrist shot by Leo Komarov.
3:31 of 3rd period - Stopped by Frederik Andersen without a rebound.
3:32 of 3rd period - Eric Staal wins face-off versus Casey Cizikas in Blackhawks zone.
3:34 of 3rd period - Icing by Henrik Zetterberg.
3:35 of 3rd period - Eric Staal wins face-off versus Patrick Kane in Blackhawks zone.
3:40 of 3rd period - Snap shot by Evgeni Malkin.
3:40 of 3rd period - Stopped by Frederik Andersen with a rebound.
4:02 of 3rd period - Snap shot by Henrik Zetterberg.
4:02 of 3rd period - Shot Blocked by P.K. Subban.
4:04 of 3rd period - Slapshot by Henrik Zetterberg.
4:04 of 3rd period - Goal by Henrik Zetterberg - Blackhawks : 1 - Flyers : 1.
4:05 of 3rd period - Evgeni Malkin wins face-off versus Zach Parise in neutral zone.
4:34 of 3rd period - Slapshot by Casey Cizikas.
4:34 of 3rd period - Stopped by Frederik Andersen without a rebound.
4:35 of 3rd period - Casey Cizikas wins face-off versus Eric Staal in Blackhawks zone.
5:22 of 3rd period - Icing by Andy Greene.
5:23 of 3rd period - Yanni Gourde wins face-off versus Evgeni Malkin in Blackhawks zone.
6:07 of 3rd period - Snap shot by Evgeni Malkin.
6:07 of 3rd period - Deflect By Filip Forsberg.
6:07 of 3rd period - Stopped by Frederik Andersen without a rebound.
6:08 of 3rd period - Eric Staal wins face-off versus Vincent Trocheck in Blackhawks zone.
6:15 of 3rd period - Snap shot by Eric Staal.
6:15 of 3rd period - Stopped by Matt Murray without a rebound.
6:16 of 3rd period - Eric Staal wins face-off versus Vincent Trocheck in Flyers zone.
6:17 of 3rd period - Slapshot by Henrik Zetterberg.
6:17 of 3rd period - Shot Misses the Net.
6:22 of 3rd period - Minor Penalty to Vincent Trocheck for Holding.
6:23 of 3rd period - Casey Cizikas wins face-off versus Cam Atkinson in Flyers zone.
6:31 of 3rd period - Snap shot by Leo Komarov.
6:31 of 3rd period - Shot Hit the Post.
6:39 of 3rd period - Justin Faulk is hit by Cam Atkinson and loses puck.
7:35 of 3rd period - Snap shot by Leon Draisaitl.
7:35 of 3rd period - Shot Misses the Net.
7:41 of 3rd period - Brandon Carlo is hit by Cam Atkinson and loses puck.
8:22 of 3rd period - Penalty to Vincent Trocheck is over, Vincent Trocheck is back on ice.
8:32 of 3rd period - Charlie Coyle is hit by Andrew Shaw and loses puck.
8:58 of 3rd period - Icing by Brandon Davidson.
8:59 of 3rd period - Ivan Barbashev wins face-off versus Alexander Steen in Blackhawks zone.
9:18 of 3rd period - Snap shot by Andrew Shaw.
9:18 of 3rd period - Shot Blocked by Brendan Perlini.
9:22 of 3rd period - Snap shot by Andrew Shaw.
9:22 of 3rd period - Shot Misses the Net.
9:24 of 3rd period - Slapshot by Derek Forbort.
9:24 of 3rd period - Deflect By Alexander Steen.
9:24 of 3rd period - Stopped by Matt Murray with a rebound.
9:26 of 3rd period - Wrist shot by Zach Parise.
9:26 of 3rd period - Stopped by Matt Murray without a rebound.
9:27 of 3rd period - Eric Staal wins face-off versus Casey Cizikas in Flyers zone.
9:44 of 3rd period - Wrist shot by Eric Staal.
9:44 of 3rd period - Shot Misses the Net.
9:58 of 3rd period - Snap shot by Patrick Kane.
9:58 of 3rd period - Stopped by Frederik Andersen without a rebound.
9:59 of 3rd period - Yanni Gourde wins face-off versus Evgeni Malkin in Blackhawks zone.
10:21 of 3rd period - Icing by Justin Faulk.
10:22 of 3rd period - Evgeni Malkin wins face-off versus Vladislav Namestnikov in Flyers zone.
10:22 of 3rd period - Evgeni Malkin is hit by Brett Connolly.
10:35 of 3rd period - Slapshot by Ryan Ellis.
10:35 of 3rd period - Shot Blocked by Justin Faulk.
10:37 of 3rd period - Snap shot by Vladislav Namestnikov.
10:37 of 3rd period - Stopped by Matt Murray with a rebound.
11:13 of 3rd period - Wrist shot by Travis Konecny.
11:13 of 3rd period - Shot Misses the Net.
11:21 of 3rd period - Slapshot by Henrik Zetterberg.
11:21 of 3rd period - Stopped by Matt Murray without a rebound.
11:22 of 3rd period - Casey Cizikas wins face-off versus Yanni Gourde in Flyers zone.
11:22 of 3rd period - Casey Cizikas is hit by Carl Hagelin.
11:34 of 3rd period - Wrist shot by Leo Komarov.
11:34 of 3rd period - Stopped by Frederik Andersen with a rebound.
11:48 of 3rd period - Casey Cizikas is hit by Brett Connolly and loses puck.
12:33 of 3rd period - Snap shot by Leo Komarov.
12:33 of 3rd period - Shot Blocked by Andy Greene.
12:35 of 3rd period - Snap shot by Calle Jarnkrok.
12:35 of 3rd period - Shot Blocked by Andy Greene.
12:43 of 3rd period - Slapshot by TJ Brodie.
12:43 of 3rd period - Stopped by Frederik Andersen with a rebound.
12:45 of 3rd period - Snap shot by Calle Jarnkrok.
12:45 of 3rd period - Stopped by Frederik Andersen without a rebound.
12:46 of 3rd period - Alexander Steen wins face-off versus Vincent Trocheck in Blackhawks zone.
12:51 of 3rd period - Snap shot by Alexander Steen.
12:51 of 3rd period - Goal by Alexander Steen - Blackhawks : 2 - Flyers : 1.
12:52 of 3rd period - Vincent Trocheck wins face-off versus Alexander Steen in neutral zone.
12:57 of 3rd period - Andrew Shaw is hit by Vincent Trocheck and loses puck.
13:06 of 3rd period - Snap shot by Vincent Trocheck.
13:06 of 3rd period - Shot Blocked by Niklas Hjalmarsson.
13:08 of 3rd period - Snap shot by Leon Draisaitl.
13:08 of 3rd period - Deflect By Charlie Coyle.
13:08 of 3rd period - Shot Misses the Net.
13:08 of 3rd period - Puck is out of play.
13:09 of 3rd period - Eric Staal wins face-off versus Evgeni Malkin in Blackhawks zone.
13:46 of 3rd period - Wrist shot by Zach Parise.
13:46 of 3rd period - Stopped by Matt Murray with a rebound.
13:48 of 3rd period - Snap shot by Zach Parise.
13:48 of 3rd period - Shot Misses the Net.
14:07 of 3rd period - Icing by Derek Forbort.
14:08 of 3rd period - Evgeni Malkin wins face-off versus Carl Hagelin in Blackhawks zone.
15:25 of 3rd period - Snap shot by Carl Hagelin.
15:25 of 3rd period - Stopped by Matt Murray with a rebound.
15:49 of 3rd period - Snap shot by Travis Konecny.
15:49 of 3rd period - Stopped by Frederik Andersen without a rebound.
15:50 of 3rd period - Casey Cizikas wins face-off versus Eric Staal in Blackhawks zone.
16:07 of 3rd period - Snap shot by Henrik Zetterberg.
16:07 of 3rd period - Stopped by Matt Murray with a rebound.
16:17 of 3rd period - Alexander Steen is hit by P.K. Subban and loses puck.
16:22 of 3rd period - Snap shot by Evgeni Malkin.
16:22 of 3rd period - Stopped by Frederik Andersen with a rebound.
16:40 of 3rd period - Slapshot by Niklas Hjalmarsson.
16:40 of 3rd period - Deflect By Vladislav Namestnikov.
16:40 of 3rd period - Shot Misses the Net.
16:40 of 3rd period - Puck is out of play.
16:41 of 3rd period - Vladislav Namestnikov wins face-off versus Vincent Trocheck in Flyers zone.
17:32 of 3rd period - Andrew Shaw is hit by Justin Faulk and loses puck.
17:41 of 3rd period - Justin Faulk is hit by Andrew Shaw and loses puck.
18:27 of 3rd period - Wrist shot by Leo Komarov.
18:27 of 3rd period - Shot Misses the Net.
18:29 of 3rd period - Wrist shot by Calle Jarnkrok.
18:29 of 3rd period - Shot Misses the Net.
18:56 of 3rd period - Wrist shot by Evgeni Malkin.
18:56 of 3rd period - Shot Misses the Net.
18:58 of 3rd period - Slapshot by TJ Brodie.
18:58 of 3rd period - Deflect By Vincent Trocheck.
18:58 of 3rd period - Shot Misses the Net.
18:58 of 3rd period - Puck is out of play.
18:59 of 3rd period - Lindy Ruff call a timeout for Flyers.
18:59 of 3rd period - Eric Staal wins face-off versus Evgeni Malkin in Blackhawks zone.
19:01 of 3rd period - Icing by Cam Atkinson.
19:02 of 3rd period - Eric Staal wins face-off versus Evgeni Malkin in Blackhawks zone.
19:19 of 3rd period - Backhand shot by Henrik Zetterberg.
19:19 of 3rd period - Stopped by Matt Murray with a rebound.
19:25 of 3rd period - Snap shot by Cam Atkinson.
19:25 of 3rd period - Stopped by Matt Murray without a rebound.
19:26 of 3rd period - Eric Staal wins face-off versus Evgeni Malkin in Flyers zone.
19:35 of 3rd period - Wrist shot by Henrik Zetterberg.
19:35 of 3rd period - Stopped by Matt Murray without a rebound.
19:36 of 3rd period - Vincent Trocheck wins face-off versus Eric Staal in Flyers zone.
19:51 of 3rd period - Backhand shot by Henrik Zetterberg.
19:51 of 3rd period - Shot Misses the Net.
Goals for this period are 2 for Blackhawks vs 0 for Flyers.
Shots for this period are 14 for Blackhawks vs 12 for Flyers.